Map: Ruins of Endion

Players

FTAQPSPharty

  • Race: Zerg Zerg
  • League: Platinum

blackxored - Winner!

  • Race: Zerg Zerg
  • League: Diamond

VOD

Have the link to the VOD?

Description

Time

  • Played on: July 3, 2016, 8:36 a.m.
  • Length: 11:05
Show
View Real Time Build Order
Export as new Build Order

FTAQPSPharty Zerg 

Build Orders: Hatch First 

Get SALT Encoding   

  12  0:01  Drone  
  13  0:12  Overlord  
  13  0:21  Drone  
  14  0:31  Drone x2  
  14  0:35  Drone  
  17  0:54  Hatchery  
  17  0:56  Drone  
  17  1:02  Drone  
  18  1:15  Spawning Pool  
  17  1:19  Extractor, Drone  
  17  1:23  Drone  
  18  1:28  Drone  
  19  1:42  Overlord  
  19  2:02  Queen  
  19  2:05  Zergling x4  
  19  2:07  Drone  
  24  2:11  Baneling Nest  
  24  2:14  Queen  
  25  2:23  Spine Crawler  
  25  2:26  Drone  
  25  2:38  Zergling x8  
  29  2:52  Metabolic Boost  
  29  2:54  Baneling  
  29  3:02  Zergling x6  
  29  3:04  Baneling  
  32  3:06  Drone x2  
  34  3:14  Drone x2  
  35  3:27  Overlord  
  35  3:43  Overlord  
  35  3:45  Queen x2  
  39  3:51  Drone x3  
  43  4:02  Drone  
  43  4:03  Drone x2  
  43  4:07  Drone x3  
  48  4:11  Overlord  
  48  4:28  Overlord x3  
  48  4:29  Overlord  
  48  4:41  Extractor  
  48  4:42  Extractor, Drone  
  48  4:43  Drone x2  
  49  5:03  Roach Warren  
  48  5:09  Drone x8  
  56  5:18  Drone  
  56  5:19  Drone x3  
  60  5:29  Overlord  
  60  5:44  Roach  
  60  5:45  Roach x7  
  76  5:50  Lair  
  75  6:07  Roach  
  75  6:08  Roach x5  
  87  6:18  Evolution Chamber  
  87  6:22  Hatchery  
  87  6:23  Ravager x5  
  87  6:24  Ravager  
  91  6:26  Overlord x2  
  91  6:44  Overlord  
  65  7:25  Roach x11  
  65  7:26  Roach  
  83  7:41  Drone  
  84  7:47  Roach  
  84  7:48  Roach x6  
  84  7:49  Zerg Missile Weapons Level 1  
  84  7:50  Glial Reconstitution  
  98  7:56  Extractor  
  97  7:59  Drone x5  
  102  8:06  Roach  
  102  8:10  Hatchery  
  103  8:17  Drone x2  
  103  8:18  Roach  
  103  8:19  Roach x4  
  115  8:22  Ravager x2  
  117  8:40  Overseer x2  
  117  8:47  Hatchery  
  116  8:51  Roach  
  116  8:52  Roach x2  
  116  8:54  Overlord x4  
  122  9:00  Pneumatized Carapace  
  122  9:06  Extractor, Drone  
  122  9:07  Overlord x2, Extractor, Drone  
  122  9:14  Roach  
  122  9:15  Roach x7  
  98  9:37  Roach x11  
  116  9:42  Roach x2  
  120  9:51  Roach x2  
  124  9:55  Drone  
  113  10:34  Roach x5  
  113  10:35  Roach x8  
Show
View Real Time Build Order
Export as new Build Order

blackxored Zerg - Winner!

Build Orders: Pool First 

Get SALT Encoding   

  12  0:04  Drone  
  13  0:09  Drone  
  14  0:18  Extractor  
  14  0:20  Drone  
  14  0:31  Overlord  
  14  0:41  Spawning Pool  
  13  0:44  Drone  
  13  0:49  Extractor  
  13  0:51  Drone  
  13  0:55  Drone  
  16  1:01  Drone  
  17  1:08  Drone  
  18  1:22  Drone  
  19  1:27  Queen  
  19  1:30  Drone  
  22  1:42  Metabolic Boost  
  22  1:48  Overlord  
  22  2:00  Hatchery  
  21  2:10  Baneling Nest, Drone  
  21  2:17  Zergling x2  
  21  2:18  Zergling x2  
  23  2:28  Zergling x2  
  24  2:46  Drone x4  
  28  2:57  Overlord  
  28  3:12  Drone x3  
  31  3:25  Drone x2  
  31  3:26  Drone x2  
  35  3:33  Hatchery  
  34  3:45  Queen  
  36  3:50  Drone x6  
  42  3:57  Overlord  
  42  4:03  Overlord  
  42  4:12  Drone  
  42  4:13  Roach Warren  
  42  4:15  Lair  
  42  4:22  Drone x2  
  42  4:23  Extractor, Drone  
  44  4:25  Drone  
  44  4:29  Extractor, Drone x2  
  44  4:30  Extractor  
  45  4:32  Overlord  
  45  4:43  Drone  
  45  4:44  Drone  
  47  4:45  Drone  
  48  4:55  Drone x3  
  48  4:58  Roach  
  48  4:59  Roach x5  
  63  5:05  Drone  
  63  5:06  Evolution Chamber  
  63  5:10  Queen  
  65  5:20  Drone x6  
  65  5:21  Drone  
  72  5:29  Roach  
  72  5:30  Overlord x2  
  72  5:32  Zerg Missile Weapons Level 1  
  74  5:43  Overlord  
  76  5:50  Roach x7  
  76  5:51  Roach  
  88  6:10  Roach x5  
  98  6:16  Overlord x3  
  98  6:28  Glial Reconstitution  
  98  6:35  Drone x8  
  98  6:36  Drone  
  107  6:42  Roach x3  
  107  6:45  Ravager  
  114  6:51  Overlord x3  
  107  7:10  Roach x5  
  107  7:11  Roach x4  
  106  7:19  Roach  
  106  7:20  Roach x3  
  102  7:24  Roach x3  
  100  7:30  Roach x2  
  100  7:36  Roach  
  108  7:44  Roach x3  
  108  7:45  Zerg Missile Weapons Level 2  
  110  7:51  Roach x2  
  110  7:57  Extractor, Drone  
  114  7:58  Extractor  
  114  8:00  Drone  
  114  8:04  Ravager x7  
  121  8:06  Overlord x4  
  121  8:32  Roach x4  
  121  8:33  Roach x8  
  121  8:34  Roach x2  
  149  8:43  Drone x4  
  149  8:46  Overlord x3  
  153  9:00  Overlord x2  
  153  9:11  Spire, Overseer  
  148  9:26  Roach  
  148  9:27  Roach x9  
  162  9:35  Roach x9  
  180  9:51  Ravager x4, Hatchery  
  183  10:12  Overseer x2  
  166  10:34  Roach x23  
  189  10:42  Roach x4  
  187  10:58  Infestation Pit  
  187  10:59  Evolution Chamber  
Tags
 
Add a new tag
Caveats
  • Supply blocks, unpowered buildings, or Contaminate may cause inaccurate times.
  • Supply counts are checked every 10 seconds.